 Dungeon Crawl Stone Soup version 0.30-a0-385-gfebfb9b408 (webtiles) character file.

Game seed: 9079307533749330382

47 arthad the Digger (level 3, -5/19 HPs)
             Began as a Gargoyle Earth Elementalist on Dec 3, 2022.
             Killed by divine providence
             ... invoked by an orc priest
              (13 damage)
             ... on level 4 of the Dungeon.
             The game lasted 00:02:57 (2257 turns).

arthad the Digger (Gargoyle Earth Elementalist)     Turns: 2257, Time: 00:02:57

Health: -5/19      AC:  5    Str: 11    XL:     3   Next: 70%
Magic:  1/6        EV: 12    Int: 17    God:
Gold:   210        SH:  0    Dex: 10    Spells: 5/6 levels left

rFire   . . .      SeeInvis .    c - +1 dagger (protect)
rCold   . . .      Faith    .    (no shield)
rNeg    + . .      Spirit   .    a - +0 robe
rPois   ∞          Reflect  .    (no helmet)
rElec   +          Harm     .    (no cloak)
rCorr   .          Rampage  .    (no gloves)
Will    .....                    (no boots)
Stlth   ++........               (no amulet)
HPRegen 0.23/turn                (no ring)
MPRegen 0.10/turn                (no ring)

@: no status effects
A: sickness immunity, AC +3, negative energy resistance 1, electricity
resistance, torment resistance 1, petrification resistance
a: no special abilities


You were on level 4 of the Dungeon.
You visited 1 branch of the dungeon, and saw 4 of its levels.

You collected 210 gold pieces.

Inventory:

Hand Weapons
 c - a +1 dagger of protection (weapon)
 g - a +2 dagger of venom
Missiles
 l - 5 poisoned darts
Armour
 a - a +0 robe (worn)
Scrolls
 e - a scroll of fear {unknown}
 h - 2 scrolls of teleportation {unknown}
 i - a scroll of vulnerability {unknown}
 k - a scroll of magic mapping {unknown}
 m - a scroll of poison {unknown}
 n - a scroll of immolation {unknown}
 p - a scroll of blinking {unknown}
 r - 2 scrolls of identify {unknown}
 t - a scroll of amnesia {unknown}
 u - a scroll of enchant armour {unknown}
 v - 4 scrolls of noise {unknown}
Potions
 b - a potion of magic
 d - a potion of lignification {unknown}
 f - 2 potions of degeneration {unknown}
 j - a potion of heal wounds {unknown}
 o - a potion of mutation {unknown}
 q - a potion of cancellation {unknown}
 s - a potion of brilliance {unknown}


   Skills:
 + Level 2.0 Dodging
 + Level 2.7 Stealth
 + Level 2.3 Spellcasting
 + Level 1.3 Transmutations
 + Level 4.1 Earth Magic


You had 5 spell levels left.
You knew the following spells:

 Your Spells              Type           Power      Damage    Failure   Level
a - Sandblast             Erth           32%        2d9       3%          1

Your spell library contained the following spells:

 Spells                   Type           Power      Damage    Failure   Level
 Passwall                 Tmut/Erth      9%         N/A       9%          2
 Slow                     Hex            8%         N/A       19%         1
 Stone Arrow              Conj/Erth      18%        3d8       24%         3
 Confusing Touch          Hex            2%         N/A       50%         3
 Kindle Blastsparks       Fire/Tloc/Air  4%         2d10      50%         3
 Vampiric Draining        Necr           2%         2d6       50%         3
 Petrify                  Tmut/Erth      11%        N/A       52%         4
 Lee's Rapid Deconstruct  Erth           8%         3d7*      67%         5
 Fulminant Prism          Conj/Hex       1%         3d5       88%         4
 Iskenderun's Mystic Bla  Conj/Tloc      2%         2d3       88%         4
 Fireball                 Conj/Fire      1%         3d3       99%         5
 Iskenderun's Battlesphe  Conj           2%         2d6       99%         5
 Conjure Ball Lightning   Conj/Air       1%         3x3d7     100%        6
 Orb of Destruction       Conj           1%         9d5       100%        7


Dungeon Overview and Level Annotations

Branches:
Dungeon (4/15)
 Temple: D:4-7

Altars:
Fedhas
Nemelex Xobeh
Xom

Annotations:
D:4 1 transporter


Innate Abilities, Weirdness & Mutations

You are immune to sickness and miasma.
Your stone body is resilient. (AC +3)
You are immune to poison.
You resist negative energy. (rN+)
You are resistant to electric shocks. (rElec)
You are resistant to unholy torment.
You are immune to petrification.


Message History

Aiming: Sandblast (safe; 3% risk of failure)
Press: ? - help, Q - select action, (/) - cycle Shift-Dir - straight line, f - goblin
Aim: a goblin, wielding a +0 club (77% to hit)
The blast of sand hits the goblin!
You kill the goblin!
An orc is nearby!
Aiming: Sandblast (safe; 3% risk of failure)
Press: ? - help, Q - select action, (/) - cycle Shift-Dir - straight line, f - you That would be overly suicidal.
Okay, then.
Unknown command.
Aiming: Sandblast (safe; 3% risk of failure)
Press: ? - help, Q - select action, (/) - cycle Shift-Dir - straight line, f - orc
Aim: an orc, wielding a +0 dagger (82% to hit)
The blast of sand hits the orc!
You kill the orc!
The orc priest shouts!
Aiming: Sandblast (safe; 3% risk of failure)
Press: ? - help, Q - select action, (/) - cycle Shift-Dir - straight line, f - orc priest
Aim: an orc priest, wielding a +0 mace and wearing a +0 leather armour (82% to hit)
The blast of sand hits the orc priest.
The orc priest is lightly wounded.
The orc priest mumbles some strange prayers to Beogh against you.
Beogh smites you!
Ouch! That really hurt!
You hear a shout!
Aiming: Sandblast (safe; 3% risk of failure)
Press: ? - help, Q - select action, (/) - cycle Shift-Dir - straight line, f/p - orc priest
Aim: an orc priest, wielding a +0 mace and wearing a +0 leather armour (lightly wounded, 82% to hit)
The blast of sand misses the orc priest.
You hear a shout! x2
Aiming: Sandblast (safe; 3% risk of failure)
Press: ? - help, Q - select action, (/) - cycle Shift-Dir - straight line, f/p - orc priest
Aim: an orc priest, wielding a +0 mace and wearing a +0 leather armour (lightly wounded, 82% to hit)
The blast of sand hits the orc priest!
The orc priest is severely wounded.
The orc priest mumbles some strange prayers to Beogh against you.
Beogh smites you!
Ouch! That really hurt!
You die...

....... .≈≈≈≈≈≈
...≈≈≈≈ .
###.8...._≈≈ ..
####.#)..≈≈≈≈≈≈
...#....#.≈≈≈≈≈≈≈..
...........).......
....
#...).o@...##..#.#
#....
#....$...###.....#
.....
...$............#
....
............#..##
..#
####...........##
.##.#
####..)......# ©#.#
.$#.........# .#
#.##...#....## ..#
#####....#....###


You could see an orc priest.

Vanquished Creatures
  An adder (D:2)
  An orc (D:4)
  2 bats
  2 endoplasms (D:1)
  A giant cockroach (D:1)
  4 goblins
  3 hobgoblins
  4 jackals (D:3)
  6 ball pythons
  6 kobolds
  3 rats (D:1)
33 creatures vanquished.

Vanquished Creatures (others)
  5 toadstools (D:1)
5 creatures vanquished.

Grand Total: 38 creatures vanquished

Notes
Turn   | Place    | Note
-------+----------+-------------------------------------------
     0 | D:1      | arthad the Gargoyle Earth Elementalist began the quest for
                  | the Orb.
     0 | D:1      | Reached XP level 1. HP: 10/10 MP: 3/3
    55 | D:1      | Reached skill level 1 in Transmutations
    55 | D:1      | Reached XP level 2. HP: 7/15 MP: 0/5
   991 | D:2      | Found a shimmering altar of Xom.
  1132 | D:2      | Reached skill level 4 in Earth Magic
  1132 | D:2      | Reached XP level 3. HP: 19/19 MP: 3/6
  1924 | D:3      | Found a blossoming altar of Fedhas.
  2170 | D:4      | Noticed a small abomination
  2202 | D:4      | Found a transporter.
  2247 | D:4      | Found a sparkling altar of Nemelex Xobeh.
  2257 | D:4      | Killed from afar by an orc priest

Illustrated notes

Levels and vault maps discovered:
D:1:      ldierk_walled_garden, layout_loops_ring, minmay_tetromino_o4
D:2:      layout_loops_ring, basic_altar
D:3:      layout_basic, mainiacjoe_overflow_paths
D:4:      layout_cave_pools, mainiacjoe_overflow_catwalk,
          gammafunk_ghost_abyssal_escape, roderic_serpentine_path

Skill      XL: |  1  2  3 |
---------------+----------+-----
Transmutations | 1 |  1.3
Earth Magic    | 4 |  4.1
Dodging        | 2 |  2.0
Stealth        | |  2.7
Spellcasting   | |  2.3

Action                   || total
-------------------------++-------
Melee: Dagger            ||    11
 Cast: Sandblast         ||    39
 Stab: Sleeping          ||     1
Armor: Robe              ||     7
Dodge: Dodged            ||     9

Table legend: (Time is in decaauts)
 A = Elapsed time spent in this place.
 B = Non-inter-level travel time spent in this place.
 C = Inter-level travel time spent in this place.
 D = Time resting spent in this place.
 E = Time spent auto-exploring this place.
 F = Levels seen in this place.
 G = Mean time per level.
                   A        B        C        D        E       F      G
               +--------+--------+--------+--------+--------+-----+--------+
         Total |   2276 |   2191 |     85 |      0 |   1989 |   4 |  569.0 |
       Dungeon |   2276 |   2191 |     85 |      0 |   1989 |   4 |  569.0 |
               +--------+--------+--------+--------+--------+-----+--------+

Top non-repeatable levels by time:
     D:1: 879 daAuts
     D:3: 649 daAuts
     D:2: 645 daAuts
     D:4: 100 daAuts
